 Dungeon Crawl Stone Soup version 0.30-a0-802-gb92711bcdf (webtiles) character file.

Game seed: 8143170412741449983

1 limecruiser the Vexing (level 1, 0/7 HPs)
             Began as a Felid Enchanter on Feb 25, 2023.
             Slain by a hobgoblin (5 damage)
             ... on level 1 of the Dungeon.
             The game lasted 00:05:42 (193 turns).

limecruiser the Vexing (Felid Enchanter)             Turns: 193, Time: 00:05:42

Health: 0/7        AC:  1    Str:  4    XL:     1   Next: 16%
Magic:  4/4        EV: 17    Int: 16    God:
Gold:   0          SH:  0    Dex: 16    Spells: 4/4 levels left
                                        Lives:  0   Deaths: 0

rFire   . . .      SeeInvis +      - Unarmed
rCold   . . .      Faith    .    (shield unavailable)
rNeg    . . .      Spirit   .    (body armour unavailable)
rPois   .          Reflect  .    (helmet unavailable)
rElec   .          Harm     .    (cloak unavailable)
rCorr   .          Rampage  .    (gloves unavailable)
Will    .....                    (boots unavailable)
Stlth   +++                      (no amulet)
HPRegen 0.21/turn                (no ring)
MPRegen 0.09/turn                (no ring)

@: quick
A: very small, claws 1, fangs 3, see invisible, speed 1, shaggy fur 1, stealthy
paws, no weapons or thrown items, no armour, multi-lived
a: no special abilities


You were on level 1 of the Dungeon.
You visited 1 branch of the dungeon, and saw 1 of its levels.

Inventory:

Potions
 a - 2 potions of invisibility


   Skills:
 + Level 2.6 Dodging
 + Level 4.0 Stealth
 + Level 1.0 Unarmed Combat
 + Level 2.0 Spellcasting
 + Level 4.5 Hexes


You had 4 spell levels left.
You didn't know any spells.
Your spell library contained the following spells:

 Spells                   Type           Power      Damage    Failure   Level
 Confusing Touch          Hex            16%        N/A       10%         3
 Tukima's Dance           Hex            16%        N/A       10%         3
 Ensorcelled Hibernation  Hex/Ice        16%        N/A       12%         2
 Dazzling Flash           Conj/Hex       16%        N/A       24%         3


Dungeon Overview and Level Annotations

Branches:
Dungeon (1/15)

Altars:


Innate Abilities, Weirdness & Mutations

You have sharp claws.
You have razor-sharp teeth.
You have supernaturally acute eyesight. (SInv)
You cover ground quickly. (Speed+)
You are covered in fur. (AC +1)
Your paws help you pounce on unaware monsters.
You are incapable of wielding weapons or throwing items.
You cannot wear armour.
You gain extra lives every three experience levels.


Message History

You scratch the hobgoblin.
The hobgoblin is severely wounded.
The hobgoblin barely misses you.
You closely miss the hobgoblin.
You bite the hobgoblin, but do no damage.
The hobgoblin is severely wounded.
The hobgoblin misses you.
You completely miss the hobgoblin.
The hobgoblin is severely wounded.
The hobgoblin closely misses you.
You scratch the hobgoblin but do no damage.
The hobgoblin is severely wounded.
The hobgoblin closely misses you.
You scratch the hobgoblin but do no damage.
You bite the hobgoblin, but do no damage.
The hobgoblin is severely wounded.
The hobgoblin hits you.
Ouch! That really hurt!
* * * LOW HITPOINT WARNING * * *
You open the door.
Found 5 stones.
You scratch the bat. Your bite misses the bat.
The bat is moderately wounded.
The bat misses you.
You barely miss the bat.
The bat is moderately wounded.
The bat hits you.
You closely miss the bat.
The bat is moderately wounded.
The bat completely misses you. The bat closely misses you. The bat misses you.
You barely miss the bat.
The bat is moderately wounded.
The bat barely misses you.
You scratch the bat.
You kill the bat!
You closely miss the hobgoblin.
The hobgoblin is moderately wounded.
The hobgoblin hits you.
Ouch! That really hurt!
You die...

##.#.# ##.#.# #.# .....#
#.# ##.### #.# +# #.#
##.## ... #.# ##...###
.... #.# #......## .....
##.#####......####......
...............g@'......
.#####........####......
. #.##.#..## .(...
#.##.#.## .... #.##.#.#
... #.##†#.# +# #....b.#
####b### #.#


You could see a hobgoblin.

Vanquished Creatures
  A bat (D:1)
  A rat (D:1)
2 creatures vanquished.

Notes
Turn   | Place    | Note
-------+----------+-------------------------------------------
     0 | D:1      | limecruiser the Felid Enchanter began the quest for the
                  | Orb.
     0 | D:1      | Reached XP level 1. HP: 7/7 MP: 4/4
   193 | D:1      | Slain by a hobgoblin

Illustrated notes

Levels and vault maps discovered:
D:1:      wander_arrival_abandoned_jail, layout_loops_corners

Action                     || total
---------------------------++-------
  Melee: Unarmed           ||    13
         Bite              ||     2
  Dodge: Dodged            ||    10

Table legend: (Time is in decaauts)
 A = Elapsed time spent in this place.
 B = Non-inter-level travel time spent in this place.
 C = Inter-level travel time spent in this place.
 D = Time resting spent in this place.
 E = Time spent auto-exploring this place.
 F = Levels seen in this place.
 G = Mean time per level.
                   A        B        C        D        E       F      G
               +--------+--------+--------+--------+--------+-----+--------+
         Total |    177 |    177 |      0 |    100 |      0 |   1 |  177.0 |
       Dungeon |    177 |    177 |      0 |    100 |      0 |   1 |  177.0 |
               +--------+--------+--------+--------+--------+-----+--------+

Top non-repeatable levels by time:
     D:1: 177 daAuts
